 Dungeon Crawl Stone Soup version 0.29.1-13-g9f3cf754e1 (webtiles) character file.

Game seed: 6406156981440044226

542 ChrisAssaf the Sneak (level 7, -3/30 HPs)
             Began as a Felid Fire Elementalist on Jan 19, 2023.
             Was an Initiate of Sif Muna.
             Slain by an ogre
             ... wielding a +0 giant club
              (26 damage)
             ... on level 5 of the Dungeon.
             The game lasted 00:22:24 (5397 turns).

ChrisAssaf the Sneak (Felid Fire Elementalist)      Turns: 5397, Time: 00:22:25

Health: -3/30      AC:  2    Str:  4    XL:     7   Next: 6%
Magic:  9/14       EV: 18    Int: 19    God:    Sif Muna [......]
Gold:   211        SH:  0    Dex: 16    Spells: 2/15 levels left
                                        Lives:  0   Deaths: 2

rFire   . . .      SeeInvis +     - Unarmed
rCold   . . .      Faith    .   (shield unavailable)
rNeg    . . .      Spirit   .   (body armour unavailable)
rPois   .          Reflect  .   (helmet unavailable)
rElec   .          Harm     .   (cloak unavailable)
rCorr   .          Rampage  .   (gloves unavailable)
Will    +....                   (boots unavailable)
Stlth   +++.......              (no amulet)
HPRegen 0.10/turn               (no ring)
MPRegen 0.14/turn               (no ring)

@: quick
A: very small, claws 1, fangs 3, see invisible, speed 1, shaggy fur 2, stealthy
paws, no weapons or thrown items, no armour, multi-lived
a: Renounce Religion


You were on level 5 of the Dungeon.
You worshipped Sif Muna.
Sif Muna was noncommittal.
You visited 1 branch of the dungeon, and saw 5 of its levels.

You collected 211 gold pieces.

Inventory:

Jewellery
 j - a ring of resist corrosion
 m - a ring of flight
Wands
 g - a wand of flame (12)
Scrolls
 e - a scroll of magic mapping
 f - a scroll of enchant armour {unknown}
 h - 3 scrolls of poison
 i - 2 scrolls of immolation
 l - a scroll of silence {unknown}
 n - 2 scrolls of butterflies {unknown}
Potions
 a - 2 potions of curing
 b - 3 potions of haste
 c - a potion of might {unknown}
 d - a potion of mutation {unknown}
 k - a potion of heal wounds {unknown}


   Skills:
 * Level 2.4 Fighting
 * Level 4.3 Dodging
 * Level 5.1 Stealth
 * Level 2.3 Unarmed Combat
 * Level 4.5 Spellcasting
 * Level 2.4 Conjurations
 * Level 3.3 Hexes
 * Level 5.0 Fire Magic
 * Level 2.0 Invocations
 * Level 1.5 Evocations


You had 2 spell levels left.
You knew the following spells:

 Your Spells              Type           Power      Damage    Failure   Level
a - Foxfire               Conj/Fire      72%        2x1d7     2%          1
b - Scorch                Fire           46%        2d7       2%          2
c - Inner Flame           Hex/Fire       20%        N/A       7%          3
d - Conjure Flame         Conj/Fire      18%        6-21      9%          3
e - Flame Wave            Conj/Fire      18%        2d7       26%         4

Your spell library contained the following spells:

 Spells                   Type           Power      Damage    Failure   Level
 Tukima's Dance           Hex            17%        N/A       10%         3
 Ignite Poison            Fire/Tmut/Pois 10%        N/A       19%         3
 Sticky Flame             Conj/Fire      18%        2d4       26%         4
 Blade Hands              Tmut           2%         N/A       98%         5
 Portal Projectile        Hex/Tloc       Unusable   N/A       N/A         3

Dungeon Overview and Level Annotations

Branches:
Dungeon (5/15)
 Temple: D:4-7

Altars:
Fedhas
Kikubaaqudgha
Okawaru
Sif Muna
Trog
Uskayaw
Xom
The Shining One


Innate Abilities, Weirdness & Mutations

You have sharp claws.
You have razor-sharp teeth.
You have supernaturally acute eyesight. (SInv)
You cover ground quickly. (Speed+)
You are covered in thick fur. (AC +2)
Your paws help you pounce on unaware monsters.
You are incapable of wielding weapons or throwing items.
You cannot wear armour.
You gain extra lives every three experience levels.


Message History

The foxfire hits the scorpion!
The scorpion is burned terribly!
The scorpion is almost dead.
Casting: Scorch (safe; 2% risk of failure)
Press: ? - help, Q - select action, (/) - cycle Dir - look around, f - activate Flames lash the scorpion but do no damage.
You scratch the scorpion.
You kill the scorpion!
Sif Muna accepts your kill.
Welcome back to level 7!
You start resting.
HP restored.
Okay, then.
You see here a scorpion corpse.
Found a scroll labelled VIWNAWKAYL.
You now have 211 gold pieces (gained 6).
n - 2 scrolls labelled VIWNAWKAYL (gained 1)
Found a ring mail.
You open the door.
There is an open door here.
You open the door.
There is an open door here.
You see here the felid skeleton of ChrisAssaf.
Casting: Scorch (safe; 2% risk of failure)
Press: ? - help, Q - select action, (/) - cycle Dir - look around, f - activate Flames lash the ogre.
The ogre is moderately wounded.
The ogre's fire resistance burns away.
Unknown command.
Casting: Scorch (safe; 2% risk of failure)
Press: ? - help, Q - select action, (/) - cycle Dir - look around, f - activate Flames lash the ogre.
The ogre is burned terribly!
The ogre is heavily wounded.
The ogre hits you with a +0 giant club!
Unknown command.
Casting: Scorch (safe; 2% risk of failure)
Confirm with . or Enter, or press ? or * to list all spells.
You conjure some foxfire!
The ogre hits you with a +0 giant club!!
Ouch! That really hurt!
You die...

## .# ...##...#
.# ...##...# .#
..##... # .#
...... # .#
#########.##.#
# .#
#......##.##.#
## .#
#......##.#v.##
.#. ##
#.........@...#
... #####
#......###vO..#
#.
....###......#
#....### +.
###.#.....####
##.#...# #.
###.#.#####
#.##.)#### #.
....#.#
#.))..)..# ##
#####.#
########.#
#..รท# ######.#
###.###
#......#


You could see an ogre (combustible, ally target).

Vanquished Creatures
  Grinder (D:3)
  A water moccasin (D:5)
  A black bear (D:5)
  An ogre (D:3)
  A phantom (D:4)
  4 scorpions
  2 hounds (D:5)
  Crazy Yiuf (D:3)
  Natasha (thrice) (D:3)
  3 orc wizards
  Terence (D:2)
  4 gnolls (D:2)
  7 adders
  2 worms (D:3)
  A dart slug (D:2)
  3 orcs (D:5)
  5 ball pythons
  4 endoplasms
  2 giant cockroaches
  11 goblins
  5 hobgoblins
  6 jackals
  6 kobolds
  8 quokkas
  2 bats (D:1)
  3 frilled lizards
  3 rats
91 creatures vanquished.

Vanquished Creatures (others)
  37 foxfires
37 creatures vanquished.

Grand Total: 128 creatures vanquished

Notes
Turn   | Place    | Note
-------+----------+-------------------------------------------
     0 | D:1      | ChrisAssaf the Felid Fire Elementalist began the quest for
                  | the Orb.
     0 | D:1      | Reached XP level 1. HP: 7/7 MP: 4/4
   419 | D:1      | Reached XP level 2. HP: 10/11 MP: 6/6
   422 | D:1      | Learned a level 2 spell: Scorch
   487 | D:2      | Reached skill level 1 in Conjurations
   598 | D:2      | Noticed Terence
   647 | D:2      | Killed Terence
   648 | D:2      | Reached XP level 3. HP: 2/15 MP: 1/7
   900 | D:2      | Learned a level 3 spell: Inner Flame
   919 | D:2      | Found a faded altar of an unknown god.
   929 | D:2      | Prayed at the altar of an unknown god.
   929 | D:2      | Became a worshipper of Warmaster Okawaru
   929 | D:2      | Reached * piety under Okawaru
  1540 | D:1      | Reached XP level 4. HP: 18/18 MP: 5/8
  1669 | D:1      | Reached skill level 1 in Unarmed Combat
  2316 | D:2      | Reached skill level 1 in Hexes
  2349 | D:2      | Found a bloodstained altar of Trog.
  2735 | D:2      | Reached XP level 5. HP: 21/21 MP: 7/10
  2770 | D:2      | Learned a level 3 spell: Conjure Flame
  2839 | D:3      | Noticed an ogre
  3150 | D:3      | Found an ancient bone altar of Kikubaaqudgha.
  3157 | D:3      | Reached skill level 1 in Fighting
  3335 | D:3      | Noticed Grinder
  3346 | D:3      | Killed Grinder
  3346 | D:3      | Reached ** piety under Okawaru
  3347 | D:3      | Gained mutation: You are covered in thick fur. (AC +2)
                  | [Felid growth]
  3347 | D:3      | Reached XP level 6. HP: 11/25 MP: 2/12
  3544 | D:3      | Reached skill level 1 in Invocations
  3547 | D:3      | Found a blossoming altar of Fedhas.
  3716 | D:3      | Found a runed translucent door.
  3717 | D:3      | Noticed Crazy Yiuf
  3729 | D:3      | Killed Crazy Yiuf
  3729 | D:3      | Reached *** piety under Okawaru
  3832 | D:3      | Noticed Natasha
  3836 | D:3      | Killed Natasha
  3837 | D:3      | Reached XP level 7. HP: 23/28 MP: 8/13
  4083 | D:3      | Noticed Natasha
  4087 | D:3      | Killed Natasha
  4119 | D:3      | Noticed Natasha
  4124 | D:3      | Killed Natasha
  4320 | D:4      | Learned a level 4 spell: Flame Wave
  4567 | D:4      | Found an iron altar of Okawaru.
  4629 | D:4      | Found a shimmering altar of Xom.
  4629 | D:4      | Found a glowing golden altar of the Shining One.
  4842 | D:4      | Found a shimmering blue altar of Sif Muna.
  4908 | D:4      | Fell from the grace of Okawaru
  4908 | D:4      | Became a worshipper of Sif Muna the Loreminder
  4957 | D:5      | Entered Level 5 of the Dungeon
  5066 | D:5      | Mangled by an ogre
  5067 | D:5      | Reached XP level 6. HP: -6/26 MP: 8/13
  5078 | D:5      | Reached skill level 1 in Evocations
  5087 | D:5      | Found a hide-covered altar of Uskayaw.
  5092 | D:5      | Noticed a +0 hand axe
  5094 | D:5      | Noticed a +0 hand axe
  5200 | D:5      | Reached XP level 7. HP: 24/30 MP: 9/14
  5209 | D:5      | Noticed an orc knight
  5209 | D:5      | Noticed a troll
  5209 | D:5      | Noticed a troll
  5211 | D:5      | Mangled by an orc knight
  5212 | D:5      | Reached XP level 6. HP: -11/26 MP: 11/13
  5228 | D:5      | Noticed a water moccasin
  5233 | D:5      | Killed a water moccasin
  5234 | D:5      | Reached skill level 5 in Stealth
  5239 | D:5      | Reached skill level 5 in Fire Magic
  5248 | D:5      | Reached XP level 7. HP: 28/30 MP: 2/14
  5397 | D:5      | Slain by an ogre

Illustrated notes

Levels and vault maps discovered:
D:1:      tarquinn_simple_flora_water_d, layout_loops_corners,
          minmay_stone_trees_small, minmay_misc_feat_pillars,
          minmay_pentomino_t2
D:2:      layout_loops_ring, shapermc_ecumenical_altar_pompeii, basic_altar,
          kennysheep_cross_bottleneck, chequers_garden, uniq_terence
D:3:      layout_loops_ring, mainiacjoe_overflow_concentric_impassable,
          mainiacjoe_overflow_24_doors, uniq_crazy_yiuf_cottage, uniq_grinder,
          uniq_natasha
D:4:      nicolae_BIG_FREAKIN_CUBE, layout_gridville, okawaru_trees_2,
          led_sif_book, gammafunk_temple_overflow_pools, corner_web_ring
D:5:      minmay_diamond_boxcup, layout_basic, dancing_weapons_uskayaw

Skill      XL: |  1  2  3  4  5  6  7 |
---------------+----------------------+-----
Fire Magic     | 3 4 5 |  5.0
Conjurations   | 1 2 |  2.4
Stealth        | 3 5 |  5.1
Dodging        | 3 4 |  4.3
Unarmed Combat | 1 2 |  2.3
Hexes          | 1 2 3 |  3.3
Fighting       | 1 2 |  2.4
Spellcasting   | 3 4 |  4.5
Invocations    | 2 |  2.0
Evocations     | 1 |  1.5

Action                   |  1- 3 |  4- 6 |  7- 9 || total
-------------------------+-------+-------+-------++-------
Melee: Unarmed           |    13 |    24 |    11 ||    48
       Bite              |     3 |     1 |       ||     4
 Cast: Foxfire           |     5 |    10 |     7 ||    22
       Scorch            |    25 |    50 |    14 ||    89
       Inner Flame       |       |     2 |     2 ||     4
Evoke: Wand              |       |       |     5 ||     5
  Use: Scroll            |     3 |     3 |     1 ||     7
       Potion            |     1 |     1 |     1 ||     3
 Stab: Sleeping          |     7 |     9 |     7 ||    23
Armor: Skin              |     2 |     3 |     2 ||     7
Dodge: Dodged            |    30 |    41 |    16 ||    87
